 Dungeon Crawl Stone Soup version 0.30.1-3-gfc49f6343a (webtiles) character file.

Game seed: 11088805623822629883

98 Zeor the Chopper (level 4, -6/37 HPs)
             Began as a Demonspawn Berserker on July 27, 2023.
             Was a Follower of Trog.
             Mangled by a cerulean imp
             ... wielding a +2 spear
             ... summoned by Natasha
              (7 damage)
             ... on level 2 of the Dungeon.
             The game lasted 00:03:22 (1539 turns).

Zeor the Chopper (Demonspawn Berserker)             Turns: 1539, Time: 00:03:23

Health: -6/37      AC:  5    Str: 19    XL:     4   Next: 43%
Magic:  4/4        EV: 12    Int:  8    God:    Trog [*.....]
Gold:   107        SH:  0    Dex: 13    Spells: 3/3 levels left

rFire   . . .        a - +1 hand axe
rCold   . . .        (no shield)
rNeg    . . .        b - +0 animal skin
rPois   .            (no helmet)
rElec   .            (no cloak)
rCorr   .            g - +0 pair of gloves
SInv    .            (no boots)
Will    .....        (no amulet)
Stlth   +            (no ring)
HPRegen 0.26/turn    (no ring)
MPRegen 0.09/turn

%: no passive effects
@: no status effects
A: yellow scales 1, foul stench 2
a: Renounce Religion, Berserk


You were on level 2 of the Dungeon.
You worshipped Trog.
Trog was aware of your devotion.
You visited 1 branch of the dungeon, and saw 2 of its levels.

You collected 107 gold pieces.

Inventory:

Hand Weapons
 a - a +1 hand axe (weapon)
Missiles
 c - 3 poisoned darts (quivered)
Armour
 b - a +0 animal skin (worn)
 g - a +0 pair of gloves (worn)
Jewellery
 h - a ring of see invisible
Scrolls
 e - a scroll of teleportation
Potions
 d - a potion of magic {unknown}
 f - 2 potions of curing
 i - a potion of degeneration {unknown}
 j - a potion of heal wounds {unknown}


   Skills:
 + Level 3.7 Fighting
 * Level 3.9 Axes
 + Level 1.8 Armour
 + Level 2.3 Dodging
 + Level 0.2 Stealth


You had 3 spell levels left.
You didn't know any spells.
Your spell library was empty.

Dungeon Overview and Level Annotations

Branches:
Dungeon (2/15)

Altars:

Annotations:
D:2 Natasha


Innate Abilities, Weirdness & Mutations

You are partially covered in yellow scales. (AC +2)
You sometimes emit foul miasma when damaged in melee.


Message History

The worm is moderately wounded.
You barely miss the worm.
The worm is moderately wounded.
The worm bites you but does no damage.
You slash the worm!
The worm is severely wounded.
You hit the worm.
The worm is almost dead.
The worm bites you.
You barely miss the worm.
The worm is almost dead.
The worm bites you.
You are too injured to fight recklessly!
You hit the worm.
You kill the worm!
Trog accepts your kill.
Things that are here:
a worm corpse; a quokka corpse
Things that are here:
a +0 club; the felid corpse of Natasha; a goblin corpse You start resting.
Natasha, Servant of Life and Death comes into view.
She is carrying a wand of flame (11).
You are too injured to fight recklessly!
Found a scroll labelled LYMOCO EBALIOTZ.
There is a stone staircase leading up here.
Found 4 poisoned darts.
Found a stone staircase leading down.
Natasha zaps a wand.
The puff of flame hits you.
You hit Natasha.
Natasha is lightly wounded.
Natasha barely misses you.
You barely miss Natasha.
Natasha is lightly wounded.
Natasha casts a spell.
You barely miss Natasha.
Natasha is lightly wounded.
You hit the cerulean imp but do no damage.
Natasha zaps a wand.
The puff of flame hits you!
* * * LOW HITPOINT WARNING * * *
The cerulean imp hits you with a +2 spear!
You die... ▒▒∙∙∙▒▒∙▒∙∙∙∙∙ ∙∙∙∙∙∙∙∙∙∙∙∙∙ ▒▒▒∙∙∙∙∙?∙∙∙∙∙∙ ∙∙∙∙∙∙∙∙∙∙∙∙∙∙∙ ∙∙∙(∙∙∙∙∙∙∙∙∙>∙ ∙∙∙∙∙∙∙∙∙∙∙∙∙

▒▒∙ ▒∙5h∙∙∙∙∙∙∙ ▒∙∙
▒∙∙6∙∙∙∙∙∙∙ ▒∙∙
▒∙∙∙∙∙∙∙∙∙∙ ▒
▒▒∙∙▒▒<∙∙∙∙∙∙∙∙∙ ▒∙
▒∙▒∙∙∙∙)†▒▒▒▒▒▒▒∙▒
∙▒∙∙▒∙∙∙∙∙▒▒)▒▒▒▒▒
▒
∙∙∙∙∙∞∙∙∙∙∙∙†∙∙!∙▒▒
▒∙∙∙∙▒▒▒▒∙▒∙▒∙∙∙∙∙∙
▒∙∙∙▒▒▒▒▒∙▒∙▒∙∙∙▒▒▒
∙∙∙∙∙∙∙∙∙∙▒∙▒∙∙∙▒


You could see Natasha and a cerulean imp (summoned).

Vanquished Creatures
  An orc priest (D:2)
  Natasha (D:2)
  A dart slug (D:1)
  A worm (D:2)
  4 orcs (D:2)
  2 endoplasms (D:1)
  A giant cockroach (D:1)
  3 goblins
  5 hobgoblins
  3 jackals (D:1)
  5 quokkas
  3 ball pythons
  A frilled lizard (D:1)
  A kobold (D:2)
  A rat (D:1)
33 creatures vanquished.

Notes
Turn   | Place    | Note
-------+----------+-------------------------------------------
     0 | D:1      | Zeor the Demonspawn Berserker began the quest for the Orb.
     0 | D:1      | Reached XP level 1. HP: 18/18 MP: 1/1
   328 | D:1      | Gained mutation: You are partially covered in yellow
                  | scales. (AC +2) [demonic ancestry]
   328 | D:1      | Reached XP level 2. HP: 24/24 MP: 2/2
  1366 | D:2      | Gained mutation: You may rarely emit foul miasma when
                  | damaged in melee. [demonic ancestry]
  1366 | D:2      | Reached XP level 3. HP: 26/29 MP: 3/3
  1511 | D:2      | Noticed Natasha
  1517 | D:2      | Gained mutation: You sometimes emit foul miasma when
                  | damaged in melee. [demonic ancestry]
  1517 | D:2      | Reached XP level 4. HP: 34/37 MP: 4/4
  1520 | D:2      | Killed Natasha
  1533 | D:2      | Noticed Natasha
  1539 | D:2      | HP: 1/37 [Natasha/puff of flame (13)]
  1539 | D:2      | Mangled by a cerulean imp

Illustrated notes

Levels and vault maps discovered:
D:1:      dpeg_arrival_long_road, layout_basic, serial_co_window_serial,
          co_window_corner_a, co_window_of_opportunity_a, co_window_corner_a,
          co_window_paths_a, co_window_corner_a, co_window_corner_a,
          co_window_corner_a, co_window_broadway_b, co_window_2corner,
          co_window_of_opportunity_c, co_window_unsneaky_path_e,
          glass_columns_b, glass_columns_a
D:2:      layout_basic, uniq_crazy_yiuf_cottage, uniq_natasha

Skill      XL: |  1  2 |
---------------+-------+-----
Axes           | 3 |  3.9
Dodging        | 2 |  2.3
Fighting       | |  3.7
Armour         | |  1.8
Stealth        | |  0.2

Action                     |  1- 3 |  4- 6 || total
---------------------------+-------+-------++-------
  Melee: Hand axe          |    94 |    14 ||   108
         Punch             |     2 |       ||     2
 Invoke: Berserk           |     1 |       ||     1
    Use: Scroll            |     6 |       ||     6
 Armour: Animal skin       |    25 |     2 ||    27
  Dodge: Dodged            |    65 |     5 ||    70
